 Dungeon Crawl Stone Soup version 0.30.1-4-g462c640d31 (webtiles) character file.

Game seed: 1372614112220881302

9565 spardeous the Destroyer (level 11, -17/74 HPs)
             Began as a Demigod Conjurer on Sept 2, 2023.
             Demolished by a large abomination (36 damage)
             ... on level 9 of the Dungeon.
             The game lasted 00:13:53 (13725 turns).

spardeous the Destroyer (Demigod Conjurer)         Turns: 13725, Time: 00:13:53

Health: -17/74     AC:  7    Str: 12    XL:     11   Next: 4%
Magic:  9/25       EV: 11    Int: 40    God:
Gold:   331        SH:  3    Dex: 12    Spells: 17/24 levels left

rFire   . . .        D - +2 whip (freeze)
rCold   . . .        L - +0 buckler
rNeg    . . .        f - +0 steam dragon scales
rPois   .            (no helmet)
rElec   .            K - +0 cloak
rCorr   .            (no gloves)
SInv    .            t - +0 pair of boots
Will    +....        (no amulet)
Stlth   ++           e - +6 ring of intelligence
HPRegen 0.32/turn    I - +6 ring of intelligence
MPRegen 0.19/turn

%: no passive effects
@: no status effects
A: high MP 1, forlorn, divine attributes
a: no special abilities


You were on level 9 of the Dungeon.
You visited 1 branch of the dungeon, and saw 9 of its levels.

You collected 457 gold pieces.
You spent 126 gold pieces at shops.

Inventory:

Hand Weapons
 D - a +2 whip of freezing (weapon)
Armour
 f - +0 steam dragon scales (worn)
 t - a +0 pair of boots (worn)
 K - a +0 cloak (worn)
 L - a +0 buckler (worn)
 M - a +0 kite shield
Jewellery
 d - a ring of protection from cold
 e - a +6 ring of intelligence (left hand)
 j - a ring of protection from fire
 y - a ring of fire
 I - a +6 ring of intelligence (right hand)
 Q - a ring of resist corrosion
 R - a ring of see invisible
Wands
 m - a wand of roots (10)
 u - a wand of flame (38)
 F - a wand of quicksilver (20)
 O - a wand of paralysis (1)
Scrolls
 a - a scroll of poison {unknown}
 g - 4 scrolls of identify {unknown}
 i - 2 scrolls of enchant weapon {unknown}
 k - 2 scrolls of fog {unknown}
 l - 2 scrolls of vulnerability {unknown}
 n - 4 scrolls of teleportation {unknown}
 o - 3 scrolls of brand weapon {unknown}
 s - 4 scrolls of immolation {unknown}
 v - a scroll of magic mapping {unknown}
 z - a scroll of enchant armour {unknown}
 C - a scroll of torment {unknown}
 E - 2 scrolls of noise {unknown}
 G - a scroll of blinking {unknown}
 H - a scroll of butterflies {unknown}
 J - a scroll of silence {unknown}
Potions
 b - 5 potions of magic
 c - 3 potions of might
 h - a potion of haste {unknown}
 p - a potion of attraction {unknown}
 q - 2 potions of cancellation {unknown}
 r - 3 potions of lignification {unknown}
 w - 2 potions of degeneration {unknown}
 x - a potion of brilliance {unknown}
 A - 3 potions of heal wounds
 B - a potion of ambrosia {unknown}
 N - a potion of curing
 P - a potion of mutation {unknown}


   Skills:
 - Level 1.7 Dodging
 - Level 1.7 Stealth
 + Level 7.2 Spellcasting
 + Level 11.1 Conjurations
 - Level 10.0 Translocations


You had 17 spell levels left.
You knew the following spells:

 Your Spells              Type           Power      Damage    Failure   Level
a - Magic Dart            Conj           100%       1d8       1%          1
b - Searing Ray           Conj           100%       2d8       1%          2
c - Iskenderun's Mystic   Conj/Tloc      78%        2d16      1%          4

Your spell library contained the following spells:

 Spells                   Type           Power      Damage    Failure   Level
 Apportation              Tloc           100%       N/A       1%          1
 Dazzling Flash           Conj/Hex       100%       N/A       1%          3
 Mephitic Cloud           Conj/Pois/Air  44%        N/A       2%          3
 Necrotise                Necr           56%        1d6       3%          1
 Summon Small Mammal      Summ           56%        N/A       3%          1
 Fulminant Prism          Conj/Hex       28%        3d13      3%          4
 Call Imp                 Summ           28%        N/A       5%          2


Dungeon Overview and Level Annotations

Branches:
Dungeon (9/15)             Temple (0/1) D:6             Orc (0/2) D:9
   Lair: D:8-11

Shops:
D:2 *   D:6 **


Innate Abilities, Weirdness & Mutations

You have an increased reservoir of magic. (+10% MP)
You shall have no god before yourself.
Your divine heritage dramatically boosts your attributes as you level up.


Message History

The large abomination slams into the stone wall!
The large abomination is heavily damaged.
You now have 12/25 mp.
Unknown command.
The large abomination hits you!!
* * * LOW HITPOINT WARNING * * *
The small abomination hits you!
* * * LOW HITPOINT WARNING * * *
The large abomination barely misses you.
You take 44 damage, and have 19/74 hp.
MASSIVE DAMAGE!!
Casting: Iskenderun's Mystic Blast (safe; 1% risk of failure)
Confirm with . or Enter, or press ? or * to list all spells.
You erupt in a blast of force!
The mystic blast hits the large abomination!
The large abomination is moderately damaged.
The large abomination is knocked back by the mystic blast.
The large abomination slams into the closed door!
The large abomination is moderately damaged.
The mystic blast hits the large abomination.
The large abomination is moderately damaged.
The large abomination is knocked back by the mystic blast.
The mystic blast hits the small abomination!
The small abomination is almost destroyed.
The small abomination is knocked back by the mystic blast.
The small abomination slams into the stone wall!
You destroy the small abomination!
The mystic blast hits the large abomination.
The large abomination is heavily damaged.
The large abomination is knocked back by the mystic blast.
The large abomination slams into the stone wall!
The large abomination is severely damaged.
The mystic blast hits the large abomination.
The large abomination is severely damaged.
The large abomination is knocked back by the mystic blast.
The large abomination slams into the stone wall!
The large abomination is severely damaged.
The mystic blast hits the small abomination!
The small abomination is heavily damaged.
The large abomination hits you!!!
You die...

#..#............#
#..#..#.##.##.#.#
#..#..#.##.##.#.#
###'######...)..#.###
#........#..........#
#......).####.......#
#........#.##.###.###
#........#.#.#.#....#
#######@##..###...###
#X.xX#.## ##..#
+X...#..###>..#
#..X.#...#....#
######.#...#.##
####.##... #.#####.#
#.# # #.#


You could see 4 large abominations and a small abomination.

Vanquished Creatures
  Erolcha (D:9)
  2 two-headed ogres (D:9)
  Amaemon (D:9)
  A wizard (D:9)
  Pikel (D:5)
  Maurice (D:8)
  An orange demon (D:9)
  A wyvern (D:9)
  4 yaks (D:9)
  4 steam dragons (D:8)
  Menkaure (D:5)
  An acid dragon (D:8)
  A warg (D:9)
  Duvessa (D:5)
  A large abomination (D:9)
  2 water moccasins
  6 small abominations (D:9)
  3 orc warriors
  A sky beast (D:7)
  2 black bears (D:6)
  2 ogres
  2 lemures (D:5)
  A phantom (D:5)
  4 kobold brigands
  Blork the orc (D:5)
  2 gnoll sergeants (D:8)
  5 bullfrogs
  2 scorpions
  3 wights (D:8)
  5 killer bees (D:8)
  Dowan (D:5)
  4 howler monkeys
  2 jellies
  4 orc priests
  3 hounds
  2 sleepcaps
  2 gnoll boudas
  An iguana (D:5)
  5 orc wizards
  15 gnolls
  12 adders
  2 shadow imps
  3 white imps
  An ufetubus (D:4)
  2 worms
  2 dart slugs
  32 orcs
  7 bats
  7 endoplasms
  11 giant cockroaches
  5 goblins
  5 hobgoblins
  4 jackals
  2 quokkas
  9 ball pythons
  2 frilled lizards (D:1)
  29 kobolds
  6 rats
243 creatures vanquished.

Vanquished Creatures (others)
  An orc wizard (D:5)
1 creature vanquished.

Grand Total: 244 creatures vanquished

Notes
Turn   | Place    | Note
-------+----------+-------------------------------------------
     0 | D:1      | spardeous the Demigod Conjurer began the quest for the Orb.
     0 | D:1      | Reached XP level 1. HP: 14/14 MP: 5/5
   288 | D:1      | Reached skill level 4 in Conjurations
   448 | D:1      | Reached XP level 2. HP: 18/20 MP: 1/7
  1398 | D:2      | Reached XP level 3. HP: 23/26 MP: 0/8
  1610 | D:2      | Found Fefaul's General Store.
  2224 | D:3      | Learned a level 2 spell: Searing Ray
  2252 | D:3      | Reached skill level 5 in Conjurations
  2480 | D:3      | Reached XP level 4. HP: 33/33 MP: 2/9
  3764 | D:4      | Reached skill level 6 in Conjurations
  3764 | D:4      | Reached XP level 5. HP: 38/38 MP: 5/10
  4881 | D:5      | Entered Level 5 of the Dungeon
  4887 | D:5      | Learned a level 4 spell: Iskenderun's Mystic Blast
  4938 | D:5      | Noticed Duvessa
  4941 | D:5      | Noticed Dowan
  4951 | D:5      | Killed Duvessa
  4952 | D:5      | Reached skill level 7 in Conjurations
  4952 | D:5      | Reached XP level 6. HP: 40/45 MP: 0/11
  5059 | D:5      | Killed Dowan
  5333 | D:5      | Reached skill level 8 in Conjurations
  5478 | D:5      | Reached XP level 7. HP: 30/50 MP: 4/12
  5561 | D:5      | Noticed Menkaure
  5564 | D:5      | Killed Menkaure
  5859 | D:5      | Reached skill level 9 in Conjurations
  6275 | D:5      | Noticed Blork the orc
  6282 | D:5      | Killed Blork the orc
  6551 | D:5      | Noticed Pikel
  6569 | D:5      | Killed Pikel
  6570 | D:5      | Reached skill level 10 in Conjurations
  6570 | D:5      | Reached XP level 8. HP: 50/57 MP: 4/13
  7740 | D:6      | Found Dethog's Assorted Antiques.
  7746 | D:6      | Bought a scroll labelled KEUTESOJ GUHOU for 28 gold pieces
  7746 | D:6      | Bought a scroll labelled REHERU NUEMNI for 28 gold pieces
  7749 | D:6      | Found a staircase to the Ecumenical Temple.
  8235 | D:6      | Found Del Fuor's General Store.
  8246 | D:6      | Reached XP level 9. HP: 38/62 MP: 10/19
  8253 | D:6      | Bought a potion of heal wounds for 70 gold pieces
  8411 | D:6      | Reached skill level 5 in Spellcasting
  9687 | D:7      | HP: 2/62 [water moccasin (5)]
 10646 | D:8      | Reached skill level 1 in Translocations
 11339 | D:8      | Noticed Maurice
 11347 | D:8      | Killed Maurice
 11348 | D:8      | Reached skill level 5 in Translocations
 11814 | D:8      | Reached XP level 10. HP: 54/69 MP: 14/24
 12307 | D:9      | Noticed Amaemon
 12482 | D:9      | Killed Amaemon
 12778 | D:9      | Found a staircase to the Orcish Mines.
 13217 | D:9      | Noticed a two-headed ogre
 13227 | D:9      | Killed a two-headed ogre
 13323 | D:9      | Noticed a two-headed ogre
 13335 | D:9      | Killed a two-headed ogre
 13461 | D:9      | Noticed Erolcha
 13473 | D:9      | Killed Erolcha
 13474 | D:9      | Reached skill level 10 in Translocations
 13633 | D:9      | Noticed a wizard
 13638 | D:9      | Killed a wizard
 13719 | D:9      | Noticed a large abomination
 13719 | D:9      | Noticed a large abomination
 13719 | D:9      | Noticed a large abomination
 13721 | D:9      | Noticed a large abomination
 13723 | D:9      | Reached skill level 11 in Conjurations
 13723 | D:9      | Reached XP level 11. HP: 62/74 MP: 16/25
 13725 | D:9      | Demolished by a large abomination

Illustrated notes

Levels and vault maps discovered:
D:1:      dpeg_arrival_lava_temple_mockup, layout_basic,
          chequers_ecumenical_altar_twisty, minivault_4, minmay_misc_feat_x,
          minivault_11
D:2:      layout_basic, serial_shops, nicolae_lakefront_shop,
          chequers_mini_garden
D:3:      layout_basic, lemuel_tele_altar, vehumet_crystals
D:4:      layout_layer_cave, nicolae_ru_sacrificial_ziggurat,
          minmay_misc_feat_nine_boxes
D:5:      layout_basic, old_standard_altar, mainiacjoe_overflow_paths,
          uniq_pikel, uniq_blork_the_orc, uniq_menkaure, uniq_duvessa
D:6:      layout_gridville, minmay_temple_entry_junction, serial_shops, shop,
          nicolae_shop_tiny_glass
D:7:      layout_layer_cave, minmay_holes
D:8:      cheibrodos_steamvent, layout_rooms, mainiacjoe_overflow_catwalk,
          chequers_temple_overflow_statue_of_worship, grunt_decor_fettered,
          uniq_maurice
D:9:      layout_loops_ring, nzn_wu_jian_contemplation, david_lair_shrubbed,
          david_orc_3, serial_shops, shop, laboratory, uniq_erolcha,
          uniq_amaemon

Skill      XL: |  1  2  3  4  5  6  7  8  9 10 |
---------------+-------------------------------+-----
Conjurations   | 4 5 6 7 8 10 11 | 11.1
Spellcasting   | 4 6 7 |  7.2
Translocations | 5 10 | 10.0
Dodging        | |  1.7
Stealth        | |  1.7

Action                     |  1- 3 |  4- 6 |  7- 9 | 10-12 || total
---------------------------+-------+-------+-------+-------++-------
  Melee: Club              |     7 |    28 |    33 |       ||    68
         Whip              |       |       |       |     8 ||     8
   Cast: Magic Dart        |   100 |   103 |   234 |    48 ||   485
         Searing Ray       |     1 |     7 |    66 |     9 ||    83
         Iskenderun's Myst |       |       |     3 |    38 ||    41
    Use: Potion            |       |       |     5 |       ||     5
 Armour: Robe              |     6 |       |       |       ||     6
         Ring mail         |       |    24 |    71 |       ||    95
         Steam dragon scal |       |       |     4 |     8 ||    12
  Dodge: Dodged            |    10 |    45 |    89 |    21 ||   165
  Block: Buckler           |       |       |       |     1 ||     1
